 Dungeon Crawl Stone Soup version 0.27.1-1-g398f81649c (webtiles) character file.

Game seed: 6823146919731237295

80 Borgoz the Slasher (level 4, 0/60 HPs)
             Began as a Hill Orc Berserker on Sept 21, 2021.
             Was a Follower of Trog.
             Slain by a gnoll (2 damage)
             ... on level 3 of the Dungeon.
             The game lasted 00:02:16 (2888 turns).

Borgoz the Slasher (Hill Orc Berserker)             Turns: 2888, Time: 00:02:17

Health: 0/60       AC:  7    Str: 19    XL:     4   Next: 39%
Magic:  4/4        EV: 11    Int: 10    God:    Trog [*.....]
Gold:   142        SH:  0    Dex: 11    Spells: 3/3 levels left

rFire    + . .     SeeInvis .   a - +0 falchion
rCold    . . .     Faith    .   (no shield)
rNeg     . . .     Spirit   .   i - +0 ring mail
rPois    .         Reflect  .   h - +1 helmet {Int+3}
rElec    .         Harm     .   (no cloak)
rCorr    .         Rampage  .   (no gloves)
Will     ++...                  (no boots)
Stlth    ..........             (no amulet)
HPRegen  1.20/turn              c - ring of protection from fire
MPRegen  0.09/turn              d - ring of flight

@: berserking (expiring), strong-willed (expiring), flying, regenerating
(expiring), very quick
A: no striking features
a: Renounce Religion, Convert to Beogh, Berserk


You were on level 3 of the Dungeon.
You worshipped Trog.
Trog was aware of your devotion.
You visited 1 branch of the dungeon, and saw 3 of its levels.

You collected 142 gold pieces.

Inventory:

Hand Weapons
 a - a +0 falchion (weapon)
 j - a +0 long sword
Armour
 h - a +1 helmet of intelligence (worn)
 i - a +0 ring mail (worn)
Jewellery
 c - a ring of protection from fire (left hand)
 d - a ring of flight (right hand)
Scrolls
 e - a scroll of vulnerability {unknown}
 g - a scroll of identify {unknown}
Potions
 f - a potion of berserk rage {unknown}


   Skills:
 + Level 4.2 Fighting
 * Level 4.3 Long Blades
 + Level 2.9 Armour
 + Level 2.1 Dodging


You had 3 spell levels left.
You didn't know any spells.
Your spell library was empty.

Dungeon Overview and Level Annotations

Branches:
Dungeon (3/15)

Altars:

Shops:
D:1 [


Message History

The gnoll is severely wounded.
The gnoll hits you with a +0 whip.
You hit the gnoll.
The gnoll is severely wounded.
The gnoll hits you from afar with a +0 halberd.
The gnoll barely misses you. The gnoll misses you.
You riposte.
You closely miss the gnoll.
The gnoll is severely wounded.
You completely miss the gnoll.
The gnoll is severely wounded.
The gnoll hits you but does no damage. The gnoll closely misses you.
You closely miss the gnoll.
The gnoll is severely wounded.
The gnoll hits you but does no damage.
You barely miss the gnoll.
The gnoll is severely wounded.
The gnoll hits you from afar with a +0 halberd.
The gnoll hits you from afar with a +0 halberd!
The gnoll hits you with a +0 whip!
The orc priest shouts, "Surrender to Beogh and we'll let you live!" (press Y on the ability menu to convert to Beogh)
You slash the gnoll!
You kill the gnoll!
Trog accepts your kill.
The orc priest miscasts a cantrip.
The gnoll hits you from afar with a +0 halberd!
* * * LOW HITPOINT WARNING * * *
The gnoll hits you but does no damage.
Things that are here:
a +0 whip; a gnoll corpse You slash the gnoll!
The gnoll is almost dead.
The gnoll hits you with a +0 halberd!
* * * LOW HITPOINT WARNING * * *
The gnoll barely misses you.
You riposte.
You barely miss the gnoll. You barely miss the gnoll.
The gnoll is almost dead.
You feel the effects of Trog's Hand fading.
The gnoll misses you. The gnoll hits you with a +0 halberd.
You die...

+...'...'.#
#####...#.#
#####...#.###
+...'...'...+ ......#
#####...#..## .......
#...##.## .......
#...##..# ....:..
#...###.# .....o.
######...# #@##.g.....
#........###gg#....o..
+...........logo..g...
#
#.....#######.#.......
.####.....# #..#+####.
..........# ##.#
..........# .#
###.....(.# .#
..........# .#


You could see an orc priest, 2 gnolls, an orc, a goblin and a frilled lizard.

Vanquished Creatures
  A gnoll (D:3)
  2 adders (D:2)
  A worm (D:3)
  A dart slug (D:2)
  An orc (D:3)
  3 bats
  7 endoplasms
  A giant cockroach (D:1)
  5 hobgoblins
  2 quokkas
  3 ball pythons
  A frilled lizard (D:2)
  6 goblins
  7 kobolds
  4 rats
45 creatures vanquished.

Notes
Turn   | Place    | Note
-------+----------+-------------------------------------------
     0 | D:1      | Borgoz the Hill Orc Berserker began the quest for the Orb.
     0 | D:1      | Reached XP level 1. HP: 19/19 MP: 1/1
   238 | D:1      | Found a faded altar of an unknown god.
   314 | D:1      | Reached XP level 2. HP: 10/27 MP: 2/2
  1215 | D:1      | Found Piunn's Armour Shoppe.
  1225 | D:1      | HP: 1/40 [kobold (3)]
  1227 | D:1      | Reached XP level 3. HP: 2/33 MP: 3/3
  2130 | D:2      | Reached ** piety under Trog
  2545 | D:2      | Reached XP level 4. HP: 35/40 MP: 4/4
  2887 | D:3      | HP: 1/60 [gnoll (11)]
  2888 | D:3      | Slain by a gnoll

Illustrated notes

Levels and vault maps discovered:
D:1:      lemuel_arrival_funnel, layout_loops_ring,
          chequers_ecumenical_altar_twisty, serial_shops, shop,
          dk_noncrumbling_3, minmay_fountain_box,
          amcnicky_mini_corridor_feature, st_stairs_9, serial_bayou_pond_a
D:2:      layout_basic
D:3:      layout_basic, portal_sewer_entry_c

Skill      XL: |  1  2  3 |
---------------+----------+-----
Fighting       | 4 |  4.2
Dodging        | 2 |  2.1
Long Blades    | 4 |  4.3
Armour         | |  2.9

Action                   |  1- 3 |  4- 6 || total
-------------------------+-------+-------++-------
Melee: Falchion          |    97 |    27 ||   124
Invok: Berserk           |     2 |     1 ||     3
       Trog's Hand       |       |     2 ||     2
 Stab: Sleeping          |     3 |       ||     3
Armor: Animal skin       |    16 |     2 ||    18
       Ring mail         |       |     3 ||     3
       Skin              |       |     1 ||     1
Dodge: Dodged            |    61 |    25 ||    86
       Rpst.: Falchion   |    31 |     9 ||    40
